| TOP OF THE 1ST |
|
Biloxi Shuckers batting - Pitching for Altoona Curve : RHP Antonio Alvarez
|
|
Pitching: RHP Antonio Alvarez
|
|
|
Batting: RHB Eric Sullivan
|
0-0: Called Strike 0-1: Ball 1-1: Fly out, F8 (Line Drive, 8RM, EV 92.5 MPH)
|
|
Batting: LHB Alan Bianchard
|
0-0: Ball 1-0: Ground out 4-3 (Groundball, 4, EV 90.0 MPH)
|
|
Batting: SHB Jamel Wright
|
0-0: Ball 1-0: Called Strike 1-1: Swinging Strike 1-2: Strikes out swinging
|
| Top of the 1st over - 0 runs, 0 hits, 0 errors, 0 left on base; Biloxi 0 - Altoona 0 |
| BOTTOM OF THE 1ST |
|
Altoona Curve batting - Pitching for Biloxi Shuckers : RHP Travis Southern
|
|
Pitching: RHP Travis Southern
|
|
|
Batting: RHB Nelson Ozuna
|
0-0: Called Strike 0-1: Foul Ball, location: 2F 0-2: Ball 1-2: Strikes out looking
|
|
Batting: LHB Jesse Henly
|
0-0: Ball 1-0: Foul Ball, location: 2F 1-1: Ball 2-1: Swinging Strike 2-2: Ground out 5-3 (Groundball, 5, EV 86.9 MPH)
|
|
Batting: SHB Trevor Weareorwear
|
0-0: Ball 1-0: Ball 2-0: Called Strike 2-1: Ball 3-1: Swinging Strike 3-2: Base on Balls
|
|
Batting: RHB Terry Sutherland
|
0-0: Ground out U3 (Groundball, 3S, EV 83.8 MPH)
|
| Bottom of the 1st over - 0 runs, 0 hits, 0 errors, 1 left on base; Biloxi 0 - Altoona 0 |
| TOP OF THE 2ND |
|
Biloxi Shuckers batting - Pitching for Altoona Curve : RHP Antonio Alvarez
|
|
Batting: RHB Tim Lively
|
0-0: Fly out, F9 (Flyball, 9, EV 95.0 MPH)
|
|
Batting: RHB Mike Ball
|
0-0: Ball 1-0: Called Strike 1-1: Foul Ball, location: 2F 1-2: Ground out 4-3 (Groundball, 4, EV 90.6 MPH)
|
|
Batting: RHB Carlos Salazar
|
0-0: Ball 1-0: Foul Ball, location: 2F 1-1: SINGLE (Groundball, 6MD, EV 96.9 MPH)
|
|
Batting: RHB Logan Morgan
|
0-0: Ball 1-0: Foul Ball, location: 2F 1-1: Foul Ball, location: 2F 1-2: Strikes out swinging
|
| Top of the 2nd over - 0 runs, 1 hit, 0 errors, 1 left on base; Biloxi 0 - Altoona 0 |
| BOTTOM OF THE 2ND |
|
Altoona Curve batting - Pitching for Biloxi Shuckers : RHP Travis Southern
|
|
Batting: SHB Jerry Massey
|
0-0: Ball 1-0: SOLO HOME RUN (Line Drive, 9D, EV 101.9 MPH), Distance : 394 ft
|
|
Batting: RHB Killian Jones
|
0-0: Ball 1-0: Foul Ball, location: 2F 1-1: Foul Ball, location: 2F 1-2: Fly out, F8 (Flyball, 8LXD, EV 89.4 MPH)
|
|
Batting: RHB Keiji Nakajima
|
0-0: Foul Ball, location: 2F 0-1: SINGLE (Groundball, 6M, EV 102.5 MPH) (infield hit)
|
|
Batting: RHB Pedro Criollo
|
0-0: Ball 1-0: Foul Ball, location: 2F 1-1: Swinging Strike 1-2: Fly out, F9 (Line Drive, 9, EV 105.0 MPH)
|
|
Batting: RHB Slamet Pamungkas
|
0-0: Called Strike Keiji Nakajima is caught stealing 2nd base 2-4
|
| Bottom of the 2nd over - 1 run, 2 hits, 0 errors, 0 left on base; Biloxi 0 - Altoona 1 |
| TOP OF THE 3RD |
|
Biloxi Shuckers batting - Pitching for Altoona Curve : RHP Antonio Alvarez
|
|
Batting: RHB Matt Saunders
|
0-0: Fly out, F9 (Flyball, 89D, EV 102.5 MPH)
|
|
Batting: RHB Dave Bateman
|
0-0: Ball 1-0: Ball 2-0: Ball 3-0: Called Strike 3-1: Foul Ball, location: 2F 3-2: Foul Ball, location: 2F 3-2: Foul Ball, location: 2F 3-2: Fly out, F8 (Flyball, 89M, EV 85.0 MPH)
|
|
Batting: RHB Eric Sullivan
|
0-0: Ground out 6-3 (Groundball, 6M, EV 83.8 MPH)
|
| Top of the 3rd over - 0 runs, 0 hits, 0 errors, 0 left on base; Biloxi 0 - Altoona 1 |
| BOTTOM OF THE 3RD |
|
Altoona Curve batting - Pitching for Biloxi Shuckers : RHP Travis Southern
|
|
Batting: RHB Slamet Pamungkas
|
0-0: Called Strike 0-1: Ground out U3 (Groundball, 34, EV 101.2 MPH)
|
|
Batting: RHB Nelson Ozuna
|
0-0: Ball 1-0: Ball 2-0: Called Strike 2-1: Ball 3-1: Called Strike 3-2: Strikes out looking
|
|
Batting: LHB Jesse Henly
|
0-0: Ball 1-0: Swinging Strike 1-1: Ball 2-1: Foul Ball, location: 2F 2-2: Ball 3-2: Base on Balls
|
|
Batting: SHB Trevor Weareorwear
|
0-0: Fielders Choice at 2nd, 6-4 (Groundball, 6, EV 105.0 MPH)
|
| Bottom of the 3rd over - 0 runs, 0 hits, 0 errors, 1 left on base; Biloxi 0 - Altoona 1 |
| TOP OF THE 4TH |
|
Biloxi Shuckers batting - Pitching for Altoona Curve : RHP Antonio Alvarez
|
|
Batting: LHB Alan Bianchard
|
0-0: Foul Ball, location: 2F 0-1: Ball 1-1: Fly out, F8 (Flyball, 8RD, EV 91.2 MPH)
|
|
Batting: SHB Jamel Wright
|
0-0: Ground out 6-3 (Groundball, 6, EV 105.6 MPH)
|
|
Batting: RHB Tim Lively
|
0-0: Ball 1-0: Ball 2-0: Ball 3-0: Called Strike 3-1: Swinging Strike 3-2: Foul Ball, location: 2F 3-2: Strikes out swinging
|
| Top of the 4th over - 0 runs, 0 hits, 0 errors, 0 left on base; Biloxi 0 - Altoona 1 |
| BOTTOM OF THE 4TH |
|
Altoona Curve batting - Pitching for Biloxi Shuckers : RHP Travis Southern
|
|
Batting: RHB Terry Sutherland
|
0-0: Called Strike 0-1: Foul Ball, location: 2F 0-2: Ground out 6-3 (Groundball, 56, EV 108.8 MPH)
|
|
Batting: SHB Jerry Massey
|
0-0: Called Strike 0-1: Ground out 4-3 (Groundball, 4, EV 80.0 MPH)
|
|
Batting: RHB Killian Jones
|
0-0: Ball 1-0: Ball 2-0: Swinging Strike 2-1: Ball 3-1: Swinging Strike 3-2: Base on Balls
|
|
Batting: RHB Keiji Nakajima
|
0-0: Ball 1-0: Called Strike 1-1: Foul Ball, location: 2F 1-2: DOUBLE (Line Drive, 89M, EV 108.1 MPH) Killian Jones to third
|
|
Batting: RHB Pedro Criollo
|
0-0: Ball 1-0: Foul Ball, location: 2F 1-1: Foul Ball, location: 2F 1-2: Ball 2-2: Strikes out swinging
|
| Bottom of the 4th over - 0 runs, 1 hit, 0 errors, 2 left on base; Biloxi 0 - Altoona 1 |
| TOP OF THE 5TH |
|
Biloxi Shuckers batting - Pitching for Altoona Curve : RHP Antonio Alvarez
|
|
Batting: RHB Mike Ball
|
0-0: Called Strike 0-1: Called Strike 0-2: Ball 1-2: Foul Ball, location: 2F 1-2: Ground out 4-3 (Groundball, 4, EV 80.6 MPH)
|
|
Batting: RHB Carlos Salazar
|
0-0: Ball 1-0: Ground out 6-3 (Groundball, 6, EV 95.0 MPH)
|
|
Batting: RHB Logan Morgan
|
0-0: Ball 1-0: Called Strike 1-1: Foul Ball, location: 2F 1-2: Strikes out swinging
|
| Top of the 5th over - 0 runs, 0 hits, 0 errors, 0 left on base; Biloxi 0 - Altoona 1 |
| BOTTOM OF THE 5TH |
|
Altoona Curve batting - Pitching for Biloxi Shuckers : RHP Travis Southern
|
|
Batting: RHB Slamet Pamungkas
|
0-0: Called Strike 0-1: Ball 1-1: Ground out U3 (Groundball, 13, EV 91.9 MPH)
|
|
Batting: RHB Nelson Ozuna
|
0-0: Swinging Strike 0-1: Ball 1-1: Called Strike 1-2: Foul Ball, location: 2F 1-2: Ball 2-2: Foul Ball, location: 2F 2-2: Ball 3-2: Base on Balls
|
|
Batting: LHB Jesse Henly
|
0-0: Called Strike 0-1: Foul Ball, location: 2F 0-2: Foul Ball, location: 2F 0-2: Ball 1-2: Foul Ball, location: 2F 1-2: Grounds into double play, 6-4-3 (Groundball, 6, EV 82.5 MPH)
|
| Bottom of the 5th over - 0 runs, 0 hits, 0 errors, 0 left on base; Biloxi 0 - Altoona 1 |
| TOP OF THE 6TH |
|
Biloxi Shuckers batting - Pitching for Altoona Curve : RHP Antonio Alvarez
|
|
Batting: RHB Matt Saunders
|
0-0: Called Strike 0-1: Swinging Strike 0-2: Ball 1-2: Foul Ball, location: 2F 1-2: Strikes out swinging
|
|
Batting: RHB Dave Bateman
|
0-0: Ball 1-0: Ball 2-0: SINGLE (Groundball, 56D, EV 110.6 MPH)
|
|
Batting: RHB Eric Sullivan
|
0-0: Ball Dave Bateman is caught stealing 2nd base 2-4 1-0: Swinging Strike 1-1: Ball 2-1: Foul Ball, location: 2F 2-2: Foul Ball, location: 2F 2-2: Strikes out looking
|
| Top of the 6th over - 0 runs, 1 hit, 0 errors, 0 left on base; Biloxi 0 - Altoona 1 |
| BOTTOM OF THE 6TH |
|
Altoona Curve batting - Pitching for Biloxi Shuckers : RHP Travis Southern
|
|
Batting: SHB Trevor Weareorwear
|
0-0: Fly out, F7 (Flyball, 7LS, EV 97.5 MPH)
|
|
Batting: RHB Terry Sutherland
|
0-0: Ball 1-0: Ball 2-0: Swinging Strike 2-1: Swinging Strike 2-2: Ball 3-2: Base on Balls
|
|
Batting: SHB Jerry Massey
|
0-0: Ball 1-0: Ball 2-0: Ball 3-0: Swinging Strike 3-1: Foul Ball, location: 2F 3-2: Strikes out swinging
|
|
Pitching: RHP Jason Miles
|
|
|
Batting: RHB Killian Jones
|
0-0: Called Strike 0-1: Ground out 5-3 (Groundball, 56S, EV 86.9 MPH)
|
| Bottom of the 6th over - 0 runs, 0 hits, 0 errors, 1 left on base; Biloxi 0 - Altoona 1 |
| TOP OF THE 7TH |
|
Biloxi Shuckers batting - Pitching for Altoona Curve : RHP Antonio Alvarez
|
|
Batting: LHB Alan Bianchard
|
0-0: Ball 1-0: Ball 2-0: Called Strike 2-1: Foul Ball, location: 2F 2-2: Ball 3-2: DOUBLE (Flyball, 8RXD, EV 91.2 MPH) - OUT at third base trying to stretch hit.
|
|
Batting: SHB Jamel Wright
|
0-0: Fly out, F8 (Flyball, 8LS, EV 90.6 MPH)
|
|
Batting: RHB Tim Lively
|
0-0: Ball 1-0: Called Strike 1-1: Called Strike 1-2: Ground out 5-3 (Groundball, 56, EV 85.6 MPH)
|
| Top of the 7th over - 0 runs, 1 hit, 0 errors, 0 left on base; Biloxi 0 - Altoona 1 |
| BOTTOM OF THE 7TH |
|
Altoona Curve batting - Pitching for Biloxi Shuckers : RHP Jason Miles
|
|
Batting: RHB Keiji Nakajima
|
0-0: Swinging Strike 0-1: Ball 1-1: Ground out U3 (Groundball, 3, EV 108.8 MPH)
|
|
Batting: RHB Pedro Criollo
|
0-0: Ball 1-0: Called Strike 1-1: Ground out U3 (Groundball, 34S, EV 90.6 MPH)
|
|
Batting: RHB Slamet Pamungkas
|
0-0: Foul Ball, location: 2F 0-1: Ball 1-1: Ground out 4-3 (Groundball, 4, EV 90.6 MPH)
|
| Bottom of the 7th over - 0 runs, 0 hits, 0 errors, 0 left on base; Biloxi 0 - Altoona 1 |
| TOP OF THE 8TH |
|
Biloxi Shuckers batting - Pitching for Altoona Curve : RHP Antonio Alvarez
|
|
Batting: RHB Mike Ball
|
0-0: Called Strike 0-1: Swinging Strike 0-2: Ball 1-2: SINGLE (Groundball, 4M, EV 83.1 MPH) (infield hit)
|
|
Batting: RHB Carlos Salazar
|
0-0: Ball 1-0: Sac Bunt to 3S - play at first, batter OUT! 3-1 Mike Ball to second
|
|
Batting: RHB Logan Morgan
|
0-0: SINGLE (Groundball, 6MD, EV 99.4 MPH) Mike Ball to third Runner from 3rd tries for Home, SAFE, throw by CF to home
|
|
Batting: RHB Matt Saunders
|
0-0: Called Strike Logan Morgan steals 2nd base (no throw) 0-1: Ball 1-1: Foul Ball, location: 2F 1-2: Ball 2-2: Ground out 5-3 (Groundball, 56, EV 90.0 MPH)
|
|
Batting: RHB Dave Bateman
|
0-0: Fly out, F8 (Flyball, 8LD, EV 93.1 MPH)
|
| Top of the 8th over - 1 run, 2 hits, 0 errors, 1 left on base; Biloxi 1 - Altoona 1 |
| BOTTOM OF THE 8TH |
|
Altoona Curve batting - Pitching for Biloxi Shuckers : RHP Jason Miles
|
|
Batting: RHB Nelson Ozuna
|
0-0: Ball 1-0: Ball 2-0: Called Strike 2-1: SINGLE (Groundball, 56D, EV 96.2 MPH)
|
|
Batting: LHB Jesse Henly
|
0-0: Bunt missed! 0-1: Bunted foul 0-2: Ball 1-2: Ball 2-2: Foul Ball, location: 2F 2-2: Foul Ball, location: 2F 2-2: Foul Ball, location: 2F 2-2: TRIPLE (Line Drive, 7D, EV 95.6 MPH) Nelson Ozuna scores
|
|
Batting: SHB Trevor Weareorwear
|
0-0: Foul Ball, location: 2F 0-1: Foul Ball, location: 2F 0-2: Fly out, F8 (Flyball, 89XD, EV 95.6 MPH) Runner from 3rd tags up, SCORES, no throw by CF
|
|
Batting: RHB Terry Sutherland
|
0-0: Called Strike 0-1: Ball 1-1: Ball 2-1: Foul Ball, location: 2F 2-2: Ball 3-2: Strikes out swinging
|
|
Batting: SHB Jerry Massey
|
0-0: Called Strike 0-1: Ball 1-1: Called Strike 1-2: Ground out U3 (Groundball, 3S, EV 81.2 MPH)
|
| Bottom of the 8th over - 2 runs, 2 hits, 0 errors, 0 left on base; Biloxi 1 - Altoona 3 |
| TOP OF THE 9TH |
|
Biloxi Shuckers batting - Pitching for Altoona Curve : RHP Antonio Alvarez
|
|
Pitching: LHP Jimmy Vanthournoutingtonle
|
|
|
Now at 1B: Aito Harada
|
|
|
Batting: RHB Eric Sullivan
|
0-0: Foul Ball, location: 2F 0-1: Ball 1-1: SINGLE (Flyball, 89S, EV 94.4 MPH)
|
|
Batting: RHB Matthew Adams
|
0-0: Called Strike 0-1: Foul Ball, location: 2F 0-2: Ball 1-2: Strikes out swinging
|
|
Batting: SHB Jamel Wright
|
0-0: Called Strike 0-1: DOUBLE (Line Drive, 7LM, EV 99.4 MPH) Eric Sullivan to third
|
|
Batting: RHB Tim Lively
|
0-0: Ball 1-0: Ball 2-0: Called Strike 2-1: Foul Ball, location: 2F 2-2: Hit by Pitch
|
|
Batting: RHB Mike Ball
|
0-0: Called Strike 0-1: Foul Ball, location: 2F 0-2: Ball 1-2: Ball 2-2: Ball 3-2: Base on Balls Eric Sullivan scores Jamel Wright to third Tim Lively to second
|
|
Batting: RHB Carlos Salazar
|
0-0: Swinging Strike 0-1: Ball 1-1: Called Strike 1-2: Foul Ball, location: 2F 1-2: Strikes out swinging
|
|
Batting: RHB Logan Morgan
|
0-0: Ball 1-0: Foul Ball, location: 2F 1-1: Foul Ball, location: 2F 1-2: Ball 2-2: Ball 3-2: Strikes out looking
|
| Top of the 9th over - 1 run, 2 hits, 0 errors, 3 left on base; Biloxi 2 - Altoona 3 |
|